 Dungeon Crawl Stone Soup version 0.31-a0-354-g827e095 (webtiles) character file.

Game seed: 3179712011580460783

30 Dawnplanks the Gusty (level 3, 0/20 HPs)
             Began as a Tengu Air Elementalist on July 23, 2023.
             Slain by a frilled lizard (2 damage)
             ... on level 1 of the Dungeon.
             The game lasted 00:02:48 (1128 turns).

Dawnplanks the Gusty (Tengu Air Elementalist)       Turns: 1128, Time: 00:02:48

Health: 0/20       AC:  2    Str:  8    XL:     3   Next: 20%
Magic:  5/7        EV: 12    Int: 17    God:
Gold:   45         SH:  0    Dex: 14    Spells: 0/6 levels left

rFire   . . .        d - +0 dagger
rCold   . . .        (no shield)
rNeg    . . .        a - +0 robe
rPois   .            (helmet restricted)
rElec   .            (no cloak)
rCorr   .            (no gloves)
SInv    .            (boots unavailable)
Will    .....        (no amulet)
Stlth   ++           (no ring)
HPRegen 0.23/turn    (no ring)
MPRegen 0.10/turn

%: no passive effects
@: lethally poisoned (0 -> -3)
A: beak, talons 3
a: no special abilities


You were on level 1 of the Dungeon.
You visited 1 branch of the dungeon, and saw 1 of its levels.

You collected 45 gold pieces.

Inventory:

Hand Weapons
 d - a +0 dagger (weapon)
Armour
 a - a +0 robe (worn)
Jewellery
 f - an amulet of faith
Scrolls
 c - 3 scrolls of teleportation
 e - a scroll of blinking {unknown}
 g - a scroll of immolation {unknown}
 h - 2 scrolls of identify {unknown}
Potions
 b - a potion of magic


   Skills:
 + Level 0.4 Fighting
 + Level 2.3 Dodging
 - Level 2.0 Stealth
 + Level 2.2 Spellcasting
 + Level 1.9 Conjurations
 + Level 5.0 Air Magic


You couldn't memorise any spells.
You knew the following spells:

 Your Spells              Type           Power      Damage    Failure   Level
a - Shock                 Conj/Air       52%        1d6       4%          1
b - Static Discharge      Conj/Air       26%        2-4/arc   7%          2
c - Swiftness             Air            19%        N/A       7%          3

Your spell library contained the following spells:

 Spells                   Type           Power      Damage    Failure   Level
 Foxfire                  Conj/Fire      20%        2x1d5     13%         1
 Airstrike                Air            9%         2d(2-18)  24%         4
 Plasma Beam              Fire/Air       5%         2x1d15    100%        6
 Starburst                Conj/Fire      2%         6d3       100%        6


Dungeon Overview and Level Annotations

Branches:
Dungeon (1/15)

Altars:

Shops:
D:1 =


Innate Abilities, Weirdness & Mutations

You have a beak for a mouth.
You have claws for feet.


Message History

The endoplasm is heavily wounded.
The zap hits the endoplasm.
The endoplasm is severely wounded.
The zap hits the endoplasm.
You kill the endoplasm!
Found a pair of boots.
A kobold comes into view. It is wielding a +2 dagger of venom.
Found a hand axe.
You barely miss the kobold. Your kick misses the kobold.
You peck the kobold, but do no damage.
The kobold hits you with a +2 dagger of venom.
You are poisoned.
The zap misses the kobold.
You feel sick.
The kobold hits you with a +2 dagger of venom.
You are lethally poisoned!
The zap hits the kobold.
You kill the kobold!
You feel very sick.
You are too injured to fight recklessly!
There is a lethal amount of poison in your body!
Sorry, you're not good enough to have a special ability.
A frilled lizard comes into view.
You feel sick.
Things that are here:
a +2 dagger of venom; a kobold corpse
As you read the scroll labelled TAGAIL BIMOTI, it crumbles to dust.
You feel strangely unstable.
It was a scroll of teleportation.
* * * LOW HITPOINT WARNING * * *
You feel sick.
There is a lethal amount of poison in your body!
* * * LOW HITPOINT WARNING * * *
You feel sick.
Your surroundings seem slightly different.
* * * LOW HITPOINT WARNING * * *
You feel sick.
* * * LOW HITPOINT WARNING * * *
You feel sick.
* * * LOW HITPOINT WARNING * * *
You feel sick. The frilled lizard bites you.
You die...

###............######
#.......[..#.......
#..........#.......
###.##.....#..8....
#.##.....#......# ..
...+.....#....### ...
##.##....##....#..
#.#.####.##....
#...##.# #.....@..#
#..'##.# ..#...l...#
#..#.... #........#
#.###### #.#......)#
#.# #...
....####)######
#.###.#.
#.#.............#
#.'.#.#.
.#.#.#.#.#.#.....#
#.#.#.#.
..#.#.#.#.#.#....#
#.#...#.
##.#.#.#.#.#.#####
#.#####.


You could see a frilled lizard.

Vanquished Creatures
  2 ball pythons (D:1)
  3 endoplasms (D:1)
  A giant cockroach (D:1)
  4 goblins (D:1)
  2 hobgoblins (D:1)
  4 jackals (D:1)
  3 quokkas (D:1)
  A frilled lizard (D:1)
  3 kobolds (D:1)
  2 rats (D:1)
25 creatures vanquished.

Notes
Turn   | Place    | Note
-------+----------+-------------------------------------------
     0 | D:1      | Dawnplanks the Tengu Air Elementalist began the quest for
                  | the Orb.
     0 | D:1      | Reached XP level 1. HP: 10/10 MP: 4/4
   260 | D:1      | Reached XP level 2. HP: 16/16 MP: 0/6
   263 | D:1      | Learned a level 2 spell: Static Discharge
   738 | D:1      | Found Xufatz's Armour Emporium.
   743 | D:1      | Found Otteodgh's Jewellery Shoppe.
   757 | D:1      | Reached XP level 3. HP: 17/20 MP: 3/7
   761 | D:1      | Learned a level 3 spell: Swiftness
  1045 | D:1      | Reached skill level 5 in Air Magic
  1128 | D:1      | Slain by a frilled lizard

Illustrated notes

Levels and vault maps discovered:
D:1:      nicolae_arrival_somewhat_less_tricky_arrival, layout_basic,
          serial_shops, shop, shop, minmay_curled_crystal, minivault_23,
          dk_noncrumbling_2, minmay_tiny_reverse_x

Skill      XL: |  1  2  3 |
---------------+----------+-----
Air Magic      | 5 |  5.0
Fighting       | |  0.4
Dodging        | |  2.3
Stealth        | |  2.0
Spellcasting   | |  2.2
Conjurations   | |  1.9

Action                     || total
---------------------------++-------
  Melee: Unarmed           ||     6
         Kick              ||     6
         Dagger            ||    26
         Peck              ||     5
   Cast: Shock             ||    43
    Use: Scroll            ||     1
   Stab: Sleeping          ||     1
 Armour: Robe              ||     3
  Dodge: Dodged            ||    17

Table legend: (Time is in decaauts)
 A = Elapsed time spent in this place.
 B = Non-inter-level travel time spent in this place.
 C = Inter-level travel time spent in this place.
 D = Time resting spent in this place.
 E = Time spent auto-exploring this place.
 F = Levels seen in this place.
 G = Mean time per level.
                   A        B        C        D        E       F      G
               +--------+--------+--------+--------+--------+-----+--------+
         Total |   1127 |   1125 |      2 |      0 |    961 |   1 | 1127.0 |
       Dungeon |   1127 |   1125 |      2 |      0 |    961 |   1 | 1127.0 |
               +--------+--------+--------+--------+--------+-----+--------+

Top non-repeatable levels by time:
     D:1: 1127 daAuts
